 Dungeon Crawl Stone Soup version 0.28-a0-80-g9707f7362f (webtiles) character file.

Game seed: 60544051174634476

1548 PentaManta the Grappler (level 8, -3/71 HPs)
             Began as a Ghoul Monk on Aug 5, 2021.
             Was a Believer of Nemelex Xobeh.
             Killed from afar by an electric eel (11 damage)
             ... with a bolt of electricity
             ... on level 7 of the Dungeon.
             The game lasted 00:13:53 (6424 turns).

PentaManta the Grappler (Ghoul Monk)                Turns: 6424, Time: 00:13:53

Health: -3/71      AC:  8    Str: 17    XL:     8   Next: 87%
Magic:  7/7        EV: 10    Int:  5    God:    Nemelex Xobeh [**....]
Gold:   192        SH:  4    Dex: 11    Spells: 7/7 levels left

rFire   . . .      SeeInvis .     - Unarmed
rCold   + . .      Faith    .   m - +0 buckler
rNeg    + + +      Spirit   .   o - +0 scale mail
rPois   ∞          Reflect  .   u - +0 helmet
rElec   .          Harm     .   (no cloak)
rCorr   .          Rampage  .   (no gloves)
Will    .....                   q - +0 pair of boots
Stlth   ..........              (no amulet)
HPRegen 0.00/turn               (no ring)
MPRegen 0.10/turn               (no ring)

@: inhibited regen
A: claws 1, cold resistance 1, negative energy resistance 3, inhibited
regeneration, torment resistance 2
a: Renounce Religion, Draw Escape, Draw Destruction, Draw Summoning


You were on level 7 of the Dungeon.
You worshipped Nemelex Xobeh.
Nemelex Xobeh was pleased with you.
You visited 2 branches of the dungeon, and saw 8 of its levels.

You collected 287 gold pieces.
You spent 95 gold pieces at shops.

Inventory:

Missiles
 z - 4 poisoned darts (quivered)
Armour
 m - a +0 buckler (worn)
 o - a +0 scale mail (worn)
 q - a +0 pair of boots (worn)
 t - a +0 chain mail
 u - a +0 helmet (worn)
Wands
 v - a wand of digging (4)
Scrolls
 b - 2 scrolls of enchant weapon {unknown}
 c - a scroll of silence {unknown}
 e - 5 scrolls of teleportation
 h - 2 scrolls of noise {unknown}
 i - 3 scrolls of magic mapping {unknown}
 k - a scroll of fear
 l - a scroll of identify {unknown}
 s - 2 scrolls of blinking {unknown}
 w - 3 scrolls of vulnerability {unknown}
 y - a scroll of brand weapon {unknown}
Potions
 a - a potion of lignification {unknown}
 d - a potion of degeneration {unknown}
 f - 5 potions of curing
 g - a potion of flight {unknown}
 j - 3 potions of heal wounds {unknown}
 n - a potion of ambrosia {unknown}
 p - a potion of cancellation {unknown}
 r - 2 potions of might {unknown}
 x - a potion of resistance {unknown}


   Skills:
 + Level 6.9 Fighting
 - Level 2.6 Dodging
 - Level 2.1 Stealth
 - Level 4.0 Shields
 * Level 9.4 Unarmed Combat


You had 7 spell levels left.
You didn't know any spells.
Your spell library contained the following spells:

 Spells                   Type           Power      Damage    Failure   Level
 Summon Small Mammal      Summ           0%         N/A       89%         1
 Slow                     Hex            0%         N/A       96%         2
 Call Canine Familiar     Summ           0%         N/A       99%         3
 Confusing Touch          Hex            0%         N/A       99%         3
 Summon Guardian Golem    Hex/Summ       0%         N/A       99%         3
 Vampiric Draining        Necr           0%         2d6       99%         3
 Airstrike                Air            0%         N/A       100%        4
 Summon Lightning Spire   Summ/Air       0%         N/A       100%        4
 Lightning Bolt           Conj/Air       0%         1d11      100%        5


Dungeon Overview and Level Annotations

Branches:
Dungeon (7/15)             Temple (1/1) D:4

Altars:
Ashenzari
Cheibriados
Dithmenos
Elyvilon
Fedhas
Hepliaklqana
Kikubaaqudgha
Makhleb
Nemelex Xobeh
Okawaru
Qazlal
Ru
Sif Muna
Trog
Uskayaw
Wu Jian
Xom
Yredelemnul
Zin
The Shining One

Shops:
D:1 *

Annotations:
D:3 1 runed translucent door, exclusion: two-headed ogre, anet's ghost, novice GnDe
D:7 Prince Ribbit


Innate Abilities, Weirdness & Mutations

You thrive by killing the living.
You are immune to poison.
You have sharp fingernails.
Your flesh is cold resistant. (rC+)
You are immune to negative energy. (rN+++)
You do not regenerate when monsters are visible.
You are immune to unholy pain and torment.


Message History

Prince Ribbit comes into view.
An orc wizard comes into view. It is wielding a +0 dagger.
Prince Ribbit croaks.
The orc wizard shouts!
Prince Ribbit blinks! 2 electric eels come into view.
Found 9 gold pieces.
You enter the shallow water.
Moving in this stuff is going to be slow.
A bullfrog comes into view.
The orc wizard hits you but does no damage.
The bullfrog moves out of view.
Your scale mail prevents you from hitting Prince Ribbit.
Prince Ribbit hits you! The orc wizard casts a spell at you.
The puff of flame misses you. Prince Ribbit hits you.
You claw Prince Ribbit!
Prince Ribbit is heavily wounded.
You are engulfed in a cloud of scalding steam.
You block the orc wizard's attack. Prince Ribbit closely misses you.
Your unstable footing causes you to fumble your attack.
You are engulfed in a cloud of scalding steam.
An electric eel comes into view.
Prince Ribbit misses you.
The orc wizard hits you with a +0 dagger.
Your unstable footing causes you to fumble your attack.
You are engulfed in a cloud of scalding steam.
Prince Ribbit hits you! You block the orc wizard's attack.
You are too injured to fight recklessly!
You are too injured to fight recklessly!
You block Prince Ribbit's attack.
The electric eel shoots out a bolt of lightning at you!
The bolt of electricity hits you!
* * * LOW HITPOINT WARNING * * *
The bullfrog swells and bulges.
Prince Ribbit hits you.
* * * LOW HITPOINT WARNING * * *
The electric eel shoots out a bolt of lightning at you!
The bolt of electricity hits you!
You die...
Your body glows with a rainbow of weird colours and disappears.

#.# #.#
≈≈≈≈##.#
≈≈.≈##.#
≈≈≈##.#
♣≈≈##<# ≈
♣≈≈##.#
≈.≈♣♣♣≈.##)##
≈.≈≈≈≈;o#@).#
≈$..≈.F;...$#
≈≈≈≈≈≈≈F....#
≈.≈♣♣♣≈.##.##
≈ ♣≈.##.#
♣≈.##.#
≈≈≈##.# .≈≈≈.
.# ######


You could see Prince Ribbit, a bullfrog and an electric eel.

Vanquished Creatures
  A water moccasin (D:6)
  An ice beast (D:5)
  A black bear (D:5)
  2 necrophages
  A sky beast (D:6)
  2 ogres
  2 phantoms
  2 scorpions (D:5)
  A vampire bat (D:5)
  A centaur zombie (D:6)
  2 hounds (D:6)
  A jelly (D:5)
  A centaur skeleton (D:6)
  An orc priest (D:6)
  2 iguanas (D:6)
  Ijyb (D:5)
  A hound zombie (D:5)
  A hound skeleton (D:4)
  Robin (D:4)
  6 adders
  2 ufetubi (D:4)
  3 dart slugs (D:4)
  3 fire bats (D:5)
  9 orcs
  2 spectral bats (D:5)
  16 bats
  3 bat skeletons (D:5)
  A bat zombie (D:5)
  An endoplasm (D:2)
  2 giant cockroaches
  13 goblins
  6 hobgoblins
  15 jackals
  7 kobolds
  4 quokkas
  A ball python (D:4)
  A bat simulacrum (D:5)
  2 frilled lizards
  3 rats
125 creatures vanquished.

Notes
Turn   | Place    | Note
-------+----------+-------------------------------------------
     0 | D:1      | PentaManta the Ghoul Monk began the quest for the Orb.
     0 | D:1      | Reached XP level 1. HP: 19/19 MP: 0/0
   315 | D:1      | Reached XP level 2. HP: 26/26 MP: 1/1
   472 | D:1      | Found Yxucafromi's General Store.
   486 | D:1      | Bought a potion of curing for 30 gold pieces
   486 | D:1      | Bought a scroll of teleportation for 30 gold pieces
   753 | D:2      | Reached skill level 4 in Unarmed Combat
   783 | D:2      | Reached XP level 3. HP: 33/33 MP: 2/2
  1497 | D:1      | Bought a scroll of fear for 35 gold pieces
  1569 | D:3      | Reached XP level 4. HP: 33/40 MP: 3/3
  1833 | D:3      | Found a faded altar of an unknown god.
  1900 | D:3      | Found a runed translucent door.
  1900 | D:3      | Noticed anet's ghost (novice GnDe)
  2269 | D:4      | Noticed a two-headed ogre
  2397 | D:4      | Reached skill level 5 in Unarmed Combat
  2966 | D:4      | Found a staircase to the Ecumenical Temple.
  2990 | Temple   | Entered the Ecumenical Temple
  3148 | Temple   | Became a worshipper of Nemelex Xobeh the Trickster
  3148 | Temple   | Reached * piety under Nemelex Xobeh
  3148 | Temple   | Received a gift from Nemelex Xobeh
  3148 | Temple   | Received a gift from Nemelex Xobeh
  3148 | Temple   | Reached ** piety under Nemelex Xobeh
  3323 | D:4      | Noticed a phantom
  3349 | D:3      | Reached XP level 5. HP: 46/46 MP: 4/4
  3371 | D:3      | Killed a phantom
  3372 | D:3      | Reached skill level 1 in Shields
  3522 | D:4      | Noticed Robin
  3552 | D:4      | Killed Robin
  3802 | D:4      | Reached XP level 6. HP: 53/53 MP: 5/5
  3844 | D:5      | Entered Level 5 of the Dungeon
  3972 | D:6      | Noticed a sky beast
  3985 | D:5      | Noticed a necrophage
  3992 | D:5      | Killed a necrophage
  3993 | D:5      | Reached skill level 6 in Unarmed Combat
  4023 | D:5      | Reached skill level 5 in Fighting
  4038 | D:5      | Reached XP level 7. HP: 60/61 MP: 6/6
  4069 | D:5      | Noticed Ijyb
  4080 | D:5      | Killed Ijyb
  4208 | D:5      | Found an iron altar of Okawaru.
  4209 | D:5      | Found a bloodstained altar of Trog.
  4259 | D:5      | Reached skill level 7 in Unarmed Combat
  4472 | D:5      | Reached XP level 8. HP: 60/70 MP: 7/7
  4598 | D:5      | Reached skill level 8 in Unarmed Combat
  6066 | D:6      | Reached skill level 9 in Unarmed Combat
  6077 | D:6      | Found a shimmering altar of Xom.
  6415 | D:7      | Noticed Prince Ribbit
  6424 | D:7      | Killed from afar by an electric eel

Illustrated notes

Levels and vault maps discovered:
D:1:      co_arrival_square_in_a_square_in_a_square, layout_rooms, serial_shops,
          nicolae_shop_waterfront, minmay_misc_feat_nine_boxes,
          grunt_decor_resistance
D:2:      layout_basic, minivault_23
D:3:      layout_rooms, gammafunk_ghost_grave, ebering_ecumenical_altar_hall,
          minmay_bisected
D:4:      layout_basic, minmay_temple_entry_poolview, nicolae_zen_rock_garden,
          minmay_misc_feat_plants, uniq_robin
D:5:      layout_rooms, grunt_temple_overflow_bloody_war, goddamned_bats,
          uniq_ijyb
D:6:      layout_rooms, brannock_xom_greatest_gift, kennysheep_generic_room_10
D:7:      layout_loops_ring, kennysheep_boxes, uniq_joseph, uniq_duvessa,
          uniq_prince_ribbit1
Temple:   minmay_crystal_spiral_temple

Skill      XL: |  1  2  3  4  5  6  7  8 |
---------------+-------------------------+-----
Unarmed Combat | 4 5 6 7 9 |  9.4
Fighting       | 4 5 6 |  6.9
Shields        | 1 2 3 4 |  4.0
Dodging        | |  2.6
Stealth        | |  2.1

Action                   |  1- 3 |  4- 6 |  7- 9 || total
-------------------------+-------+-------+-------++-------
Melee: Unarmed           |   136 |   163 |   189 ||   488
       Punch             |     2 |       |       ||     2
Invok: Draw Destruction  |       |     3 |     3 ||     6
 Stab: Sleeping          |     1 |       |       ||     1
Armor: Robe              |     7 |       |       ||     7
       Ring mail         |    63 |    17 |       ||    80
       Scale mail        |       |    82 |    98 ||   180
Dodge: Dodged            |   109 |   102 |   101 ||   312
Block: Buckler           |       |    35 |    44 ||    79

Table legend: (Time is in decaauts)
 A = Elapsed time spent in this place.
 B = Non-inter-level travel time spent in this place.
 C = Inter-level travel time spent in this place.
 D = Time resting spent in this place.
 E = Time spent auto-exploring this place.
 F = Levels seen in this place.
 G = Mean time per level.
                   A        B        C        D        E       F      G
               +--------+--------+--------+--------+--------+-----+--------+
         Total |   6394 |   5980 |    414 |    843 |   3845 |   8 |  799.2 |
       Dungeon |   6079 |   5748 |    331 |    843 |   3616 |   7 |  868.4 |
        Temple |    315 |    232 |     83 |      0 |    229 |   1 |  315.0 |
               +--------+--------+--------+--------+--------+-----+--------+

Top non-repeatable levels by time:
     D:4: 1319 daAuts
     D:2: 1189 daAuts
     D:3: 1078 daAuts
     D:5: 1010 daAuts
     D:1: 790 daAuts
     D:6: 678 daAuts
  Temple: 315 daAuts
     D:7: 13 daAuts
